 Dungeon Crawl Stone Soup version 0.31.0-12-g77e489cdc1 (webtiles) character file.

Game seed: 5475996871800167011

14774 Gadfly the Basher (level 11, -7/91 HPs)
             Began as an Armataur Fighter on Feb 28, 2024.
             Was a Priest of the Shining One.
             Mangled by a manticore (15 damage)
             ... on level 11 of the Dungeon.
             The game lasted 00:28:16 (12970 turns).

Gadfly the Basher (Armataur Fighter)               Turns: 12970, Time: 00:28:16

Health: -7/91      AC: 15    Str: 23    XL:     11   Next: 93%
Magic:  17/17      EV:  4    Int:  9    God:    the Shining One [***...]
Gold:   279        SH:  0    Dex: 12    Spells: 10/10 levels left

rFire   . . .        b - +3 flail (flame)
rCold   . . .        c - +0 buckler
rNeg    + . .        q - +0 plate armour
rPois   .            (no helmet)
rElec   .            g - +1 cloak
rCorr   .            k - +0 pair of gloves
SInv    .            (no barding)
Will    .....        o - amulet of the acrobat Stlth
                     e - +4 ring of slaying
HPRegen 0.35/turn    (no ring)
MPRegen 0.15/turn

%: acrobat, roll
@: confused, ambrosia-drunk, glowing
A: large, deformed body, tough skin 3, armoured tail, roll 2
a: Renounce Religion, Divine Shield, Cleansing Flame


You were on level 11 of the Dungeon.
You worshipped the Shining One.
The Shining One was most pleased with you.
You visited 3 branches of the dungeon, and saw 15 of its levels.
You also visited: Sewer.

You collected 792 gold pieces.
You spent 513 gold pieces at shops.

Inventory:

Hand Weapons
 a - a +2 morningstar of holy wrath
 b - a +3 flail of flaming (weapon)
 u - a +2 whip of freezing
 I - a +2 battleaxe of flaming
Armour
 c - a +0 buckler (worn)
 g - a +1 cloak (worn)
 i - +0 acid dragon scales
 k - a +0 pair of gloves (worn)
 q - a +0 plate armour (worn)
 E - a scarf of resistance
 H - a +2 ring mail of poison resistance
Jewellery
 e - a +4 ring of slaying (left hand)
 j - a ring of ice
 o - an amulet of the acrobat (around neck)
Wands
 v - a wand of paralysis (26)
 w - a wand of acid (25)
 z - a wand of flame (5) (quivered)
 C - a wand of iceblast (20)
 D - a wand of digging (9)
Scrolls
 f - 2 scrolls of fog
 l - a scroll of blinking
 p - 3 scrolls of teleportation
 y - a scroll of enchant weapon
 B - a scroll of amnesia
 F - a scroll of enchant armour
 G - a scroll of poison
Potions
 d - a potion of might
 h - 2 potions of mutation
 m - 2 potions of enlightenment
 n - a potion of attraction
 s - 2 potions of cancellation
 t - 2 potions of berserk rage
 x - a potion of curing
 A - a potion of haste


   Skills:
 + Level 6.9 Fighting
 * Level 8.9 Maces & Flails
 + Level 8.8 Armour
 + Level 8.1 Shields
 + Level 8.8 Invocations
 + Level 8.9 Evocations


You had 10 spell levels left.
You didn't know any spells.
Your spell library contained the following spells:

 Spells                   Type           Power      Damage    Failure   Level
 Tukima's Dance           Hex            0%         N/A       100%        3
 Brom's Barrelling Bould  Conj/Erth      0%         2d3       100%        4
 Ignite Poison            Fire/Alch      0%         N/A       100%        4
 Leda's Liquefaction      Alch/Erth      0%         N/A       100%        4
 Passage of Golubria      Tloc           0%         N/A       100%        4
 Sticky Flame             Fire/Alch      0%         2d4       100%        4
 Curse of Agony           Necr           0%         N/A       100%        5
 Yara's Violent Unravell  Hex/Alch       0%         3d3       100%        5
 Haunt                    Necr/Summ      0%         N/A       100%        7
 Ignition                 Fire           0%         3d3       100%        8


Dungeon Overview and Level Annotations

Branches:
Dungeon (13/15)            Temple (1/1) D:5            Lair (1/5) D:9
  Sewer (visited)
    Orc: D:9-12      Vaults: D:13-14

Altars:
Ashenzari
Cheibriados
Dithmenos
Elyvilon
Fedhas
Gozag
Hepliaklqana
Kikubaaqudgha
Makhleb
Nemelex Xobeh
Okawaru
Qazlal
Ru
Sif Muna
Trog
Uskayaw
Vehumet
Wu Jian
Xom
Yredelemnul
Zin
The Shining One

Shops:
D:3 !   D:5 *

Annotations:
D:13 exclusion: orange crystal statue


Innate Abilities, Weirdness & Mutations

Armour fits poorly on your strangely shaped body.
You have extremely tough skin. (AC +3)
You have a long armoured tail.
You regenerate magic and health when rolling toward enemies. (Rampage Regen)


Message History

You sock the two-headed ogre! You burn the two-headed ogre!
You kill the two-headed ogre!
Things that are here:
a +0 giant club; a +0 giant club You start resting.
A manticore comes into view.
A manticore is nearby!
The manticore flicks its tail.
The volley of spikes misses you.
You start resting.
A manticore is nearby!
A manticore is nearby!
The manticore completely misses you. The manticore barely misses you.
You block the manticore's attack.
You hit the manticore but do no damage.
The manticore bites you but does no damage.
The manticore claws you but does no damage. x2
You hit the manticore. You burn the manticore.
The manticore is lightly wounded.
The manticore bites you!
* * * LOW HITPOINT WARNING * * *
The manticore claws you but does no damage. x2
You hit the manticore but do no damage. You tail-slap the manticore.
The manticore is lightly wounded.
The manticore bites you!
* * * LOW HITPOINT WARNING * * *
You block the manticore's attack. The manticore barely misses you.
You thump the manticore! You burn the manticore.
The manticore is heavily wounded.
The manticore bites you.
* * * LOW HITPOINT WARNING * * *
You block the manticore's attack.
The manticore claws you but does no damage.
You hit the manticore but do no damage. You tail-slap the manticore.
The manticore is heavily wounded.
The manticore barely misses you. You block the manticore's attack.
The manticore claws you but does no damage.
You are confused.
You feel invigorated. The manticore bites you!
You die...

# . #. #.### ...#
####### #.#### #^.....
#..H.# #...... #.##@#
#...... #)##.######
#...... #.##...#..#
#..<... H.####...##
#...... .### #...#
#...... .. ###..##
##...... ### #...##
####.(.#..#
#..##...####.....##...
#.............###....


You could see a manticore.

Vanquished Creatures
  Fannar (D:10)
  Erolcha (D:10)
  3 two-headed ogres
  Pikel (D:7)
  2 cyclopes
  A gargoyle (D:10)
  A komodo dragon (D:9)
  A troll (D:8)
  Grinder (D:5)
  A hornet (D:10)
  A wraith (D:9)
  A shadow (D:11)
  22 yaks
  A wyvern (D:9)
  Eustachio (D:6)
  3 basilisks (D:9)
  4 vampire mosquitoes (D:10)
  2 steam dragons
  An acid dragon (D:10)
  2 water moccasins
  A swamp drake (D:9)
  3 orc warriors
  2 black bears (D:4)
  2 ice beasts
  A sky beast (D:8)
  A crocodile (Sewer)
  5 centaurs
  A kobold brigand (D:5)
  A bullfrog (D:7)
  2 scorpions (D:5)
  A brain worm (Sewer)
  A gnoll sergeant (D:8)
  5 wights (D:10)
  21 killer bees
  A bombardier beetle (D:5)
  7 howler monkeys
  4 hounds
  7 orc priests
  A gnoll bouda (D:9)
  A sleepcap (D:7)
  4 iguanas
  Ijyb (D:5)
  Terence (D:3)
  10 orc wizards
  7 gnolls
  9 adders
  A white imp (D:5)
  2 ufetubi (D:6)
  3 dart slugs
  5 ribbon worms
  45 orcs
  10 ball pythons
  10 bats
  3 endoplasms (D:1)
  A giant cockroach (D:4)
  8 goblins
  10 hobgoblins
  4 jackals (D:3)
  2 quokkas (D:1)
  5 frilled lizards
  5 kobolds
  4 rats
269 creatures vanquished.

Notes
Turn   | Place    | Note
-------+----------+-------------------------------------------
     0 | D:1      | Gadfly the Armataur Fighter began the quest for the Orb.
     0 | D:1      | Reached XP level 1. HP: 18/18 MP: 1/1
    39 | D:1      | Got Sif Muna's Papyrus of Loathsome Earth
   167 | D:1      | Reached XP level 2. HP: 24/25 MP: 2/2
   609 | D:2      | Found a faded altar of an unknown god.
   614 | D:2      | Reached skill level 1 in Evocations
   623 | D:2      | Reached skill level 1 in Invocations
   623 | D:2      | Reached XP level 3. HP: 30/30 MP: 3/3
   649 | D:2      | Reached XP level 4. HP: 11/38 MP: 3/5
  1685 | D:3      | Found Lunnozu's Distillery.
  1690 | D:3      | Noticed Terence
  1698 | D:3      | Killed Terence
  1699 | D:3      | Reached XP level 5. HP: 45/45 MP: 6/6
  2003 | D:3      | Found a sacrificial altar of Ru.
  2087 | D:3      | Bought a potion of mutation for 112 gold pieces
  2581 | D:4      | Found a glowing drain.
  2594 | Sewer    | Entered a sewer
  2619 | Sewer    | Reached XP level 6. HP: 31/51 MP: 7/7
  3064 | D:4      | Found a bloodstained altar of Trog.
  3073 | D:4      | Gained mutation: You regenerate magic and health when
                  | rolling toward enemies. (Rampage Regen) [Armataur growth]
  3073 | D:4      | Reached XP level 7. HP: 27/57 MP: 9/9
  3270 | D:3      | Bought a potion of cancellation for 112 gold pieces
  3286 | D:5      | Entered Level 5 of the Dungeon
  3286 | D:5      | Noticed Grinder
  3381 | D:5      | Found Ea-nāṣir's Fine Metal Goods.
  3401 | D:5      | Noticed Ijyb
  3407 | D:5      | Killed Ijyb
  3497 | D:5      | Killed Grinder
  3525 | D:5      | Reached skill level 5 in Armour
  3722 | D:5      | Reached XP level 8. HP: 66/66 MP: 11/11
  3759 | D:5      | Found a glowing golden altar of the Shining One.
  3759 | D:5      | Found a burning altar of Makhleb.
  3811 | D:5      | Became a worshipper of the Shining One
  3981 | D:5      | Found a staircase to the Ecumenical Temple.
  3996 | Temple   | Entered the Ecumenical Temple
  4413 | D:5      | Reached skill level 5 in Shields
  5269 | D:6      | Found a radiant altar of Vehumet.
  5356 | D:6      | Noticed Eustachio
  5372 | D:6      | Killed Eustachio
  5373 | D:6      | Reached skill level 5 in Maces & Flails
  5373 | D:6      | Reached skill level 5 in Invocations
  5373 | D:6      | Reached skill level 5 in Evocations
  5963 | D:7      | Reached XP level 9. HP: 72/72 MP: 12/12
  6256 | D:3      | Bought a potion of lignification for 42 gold pieces
  6256 | D:3      | Bought a potion of ambrosia for 112 gold pieces
  6336 | D:8      | Noticed Pikel
  6350 | D:7      | Killed Pikel
  6451 | D:8      | Found an iron altar of Okawaru.
  6454 | D:8      | Reached * piety under the Shining One
  6462 | D:8      | Reached skill level 5 in Fighting
  6486 | D:8      | Noticed a two-headed ogre
  6499 | D:8      | Killed a two-headed ogre
  6782 | D:8      | Reached XP level 10. HP: 76/81 MP: 14/14
  6966 | D:8      | Found a basalt altar of Yredelemnul.
  7184 | D:8      | Found a broken altar of Ashenzari.
  7586 | D:9      | Noticed a two-headed ogre
  7599 | D:9      | Killed a two-headed ogre
  8154 | D:9      | Found a staircase to the Lair.
  8159 | Lair:1   | Entered Level 1 of the Lair of Beasts
  8159 | Lair:1   | Noticed an elephant
  8765 | D:9      | Reached XP level 11. HP: 72/89 MP: 16/16
  9175 | D:9      | Reached ** piety under the Shining One
  9801 | D:10     | Entered Level 10 of the Dungeon
 10005 | D:10     | Found a snail-covered altar of Cheibriados.
 10005 | D:10     | Found a white marble altar of Elyvilon.
 10007 | D:10     | Found a glowing silver altar of Zin.
 10007 | D:10     | Found an ornate altar of the Wu Jian Council.
 10062 | D:10     | Paralysed by a hornet for 1 turns
 10473 | D:10     | Noticed Erolcha
 10481 | D:10     | Killed Erolcha
 10980 | D:10     | You fall into a shaft and drop 3 floors!
 11292 | D:13     | Noticed an orange crystal statue
 11301 | D:13     | Noticed a centaur warrior
 11635 | D:10     | Reached *** piety under the Shining One
 11886 | D:5      | Bought a kite shield for 135 gold pieces
 12146 | D:11     | Noticed Fannar
 12277 | D:10     | HP: 3/91 [acid dragon/splash of acid (18)]
 12685 | D:10     | Killed Fannar
 12946 | D:11     | Noticed a two-headed ogre
 12952 | D:11     | Killed a two-headed ogre
 12967 | D:11     | HP: 4/91 [manticore (12)]
 12970 | D:11     | Mangled by a manticore

Illustrated notes

Levels and vault maps discovered:
D:1:      wander_arrival_fairy_ring, layout_loops_ring
D:2:      layout_loops_ring, nicolae_ecumenical_pavilion,
          kennysheep_pointless_box, minmay_fractal_squares_5
D:3:      layout_basic, mainiacjoe_overflow_paths, serial_shops,
          nicolae_shop_statue_plus, uniq_terence
D:4:      layout_rooms, trog_ov_bears_minmay, cheibrodos_sewer_entry_sluice
D:5:      layout_rooms, mainiacjoe_overflow_large_starburst,
          minmay_temple_entry_trees, nicolae_ea-nasir_strikes_again, uniq_ijyb,
          uniq_grinder
D:6:      layout_loops_ring, nicolae_vehumet_altar_sigil, uniq_eustachio
D:7:      layout_cave_pools
D:8:      layout_loops_ring, mainiacjoe_overflow_six_doors_small,
          okawaru_gym_becter, mainiacjoe_overflow_catwalk, minmay_microvault,
          uniq_pikel
D:9:      layout_stronghold, erik_lair_dragon, grunt_ministairs_3
D:10:     layout_long_grid, mainiacjoe_overflow_alcove_3,
          dreamdust_princess_bridge, uniq_erolcha
D:11:     layout_rooms, serial_shops, nicolae_shop_pleasant_corner_grove,
          minmay_misc_feat_iff, nicolae_diode_intersection, uniq_fannar
D:12:     layout_rooms, erik_orc_4, nzn_sisyphean_effort
D:13:     layout_loops_ring, gauntlet_entry_generic, serial_shops,
          nicolae_shop_crystal, minivault_16, evilmike_minifort
Temple:   jpeg_temple_alley_garden
Lair:1:   layout_roguey, grunt_megastairs_4

Skill      XL: |  1  2  3  4  5  6  7  8  9 10 11 |
---------------+----------------------------------+-----
Maces & Flails | 2 3 4 5 6 7 8 |  8.9
Evocations     | 1 2 3 4 5 6 8 |  8.9
Invocations    | 1 2 3 4 5 6 7 8 |  8.8
Fighting       | 3 4 5 6 |  6.9
Armour         | 4 5 6 7 8 |  8.8
Shields        | 4 5 6 7 8 |  8.1

Action                     |  1- 3 |  4- 6 |  7- 9 | 10-12 || total
---------------------------+-------+-------+-------+-------++-------
  Melee: Flail             |    60 |   156 |   172 |    92 ||   480
         Tailslap          |     4 |    19 |    40 |    87 ||   150
         Morningstar       |       |       |    25 |    12 ||    37
         Whip              |       |       |    51 |   331 ||   382
  Evoke: Wand              |       |       |       |     3 ||     3
    Use: Scroll            |     4 |     6 |     5 |     3 ||    18
         Potion            |     1 |     1 |     1 |     5 ||     8
 Armour: Scale mail        |    42 |       |       |       ||    42
         Chain mail        |       |   120 |       |       ||   120
         Plate armour      |       |    69 |   279 |   370 ||   718
         Skin              |       |       |       |    10 ||    10
  Dodge: Dodged            |    14 |    56 |    70 |    79 ||   219
  Block: Buckler           |     5 |    45 |    78 |    91 ||   219
